 Dungeon Crawl Stone Soup version 0.22.1-1-ga44c0e5 (webtiles) character file.

188 harcile the Shield-Bearer (level 5, -1/46 HPs)
             Began as a Hill Orc Fighter on Oct 29, 2018.
             Succumbed to a killer bee's poison
             ... on level 3 of the Dungeon.
             The game lasted 00:04:27 (1796 turns).

harcile the Shield-Bearer (Hill Orc Fighter)        Turns: 1796, Time: 00:04:28

Health: -1/46      AC:  9    Str: 25    XL:     5   Next: 67%
Magic:  5/5        EV:  8    Int:  8    God:
Gold:   106        SH: 10    Dex: 10    Spells: 4/4 levels left

rFire    . . .     SeeInvis .   p - +0 war axe (elec)
rCold    . . .     Gourm    .   c - +0 shield
rNeg     . . .     Faith    .   b - +0 scale mail
rPois    .         Spirit   .   (no helmet)
rElec    .         Reflect  .   i - +1 cloak
rCorr    .         Harm     .   (no gloves)
MR       .....                  (no boots)
Stlth    ..........             (no amulet)
HPRegen  0.15/turn              (no ring)
MPRegen  0.09/turn              (no ring)

@: mighty, lethally poisoned (-1 -> -15), flying
A: no striking features
a: no special abilities


You were on level 3 of the Dungeon.
You were not hungry.

You visited 1 branch of the dungeon, and saw 3 of its levels.

You collected 106 gold pieces.

Inventory:

Hand Weapons
 a - a +0 long sword
 p - a +0 war axe of electrocution (weapon)
Armour
 b - a +0 scale mail (worn)
 c - a +0 shield (worn)
 i - a +1 cloak (worn)
Jewellery
 m - an uncursed ring of protection from cold {unknown}
Scrolls
 e - 7 scrolls of identify {unknown}
 h - a scroll of immolation {unknown}
 j - a scroll of teleportation {unknown}
 l - a scroll of fear {unknown}
 n - a scroll of blinking {unknown}
 o - a scroll of remove curse {unknown}
Potions
 d - a potion of might
Comestibles
 f - 3 rations
 g - 6 chunks of flesh


   Skills:
 + Level 4.2 Fighting
 + Level 4.1 Long Blades
 + Level 0.1 Axes
 + Level 4.2 Armour
 + Level 0.7 Dodging
 + Level 4.3 Shields


You had 4 spell levels left.
You didn't know any spells.
Your spell library was empty.

Dungeon Overview and Level Annotations

Branches:
Dungeon (3/15)

Altars:


Message History

You fly up into the air.
You feel sick.
The killer bee buzzes angrily.
You hear an angry buzzing noise.
You block the killer bee's attack.
The killer bee stings you but does no damage.
You feel very mighty all of a sudden.
You feel sick. You block the killer bee's attack.
The killer bee barely misses you.
You miss the killer bee.
You feel sick. The killer bee barely misses you. The killer bee stings you.
* * * LOW HITPOINT WARNING * * *
A killer bee comes into view.
You block the killer bee's attack.
You miss the killer bee.
You feel sick. The killer bee stings you.
* * * LOW HITPOINT WARNING * * *
You are lethally poisoned!
The killer bee poisons you! You block the killer bee's attack.
The killer bee stings you.
* * * LOW HITPOINT WARNING * * *
You closely miss the killer bee.
You die...

##### ...#
####.####
#<)..yyy######...
#.##.##yy@..!..#
#.##.###########
os..y# ##.####
#.# #.. ###


You could see 5 killer bees.

Vanquished Creatures
  A killer bee (D:3)
  Jessica (D:2)
  An orc wizard (D:3)
  An adder (D:2)
  3 worms (D:2)
  3 dart slugs
  3 leopard geckos (D:1)
  7 orcs
  2 giant cockroaches
  7 goblins
  9 hobgoblins
  A ball python (D:2)
  5 bats
  3 frilled lizards
  6 kobolds
  5 rats
58 creatures vanquished.

Notes
Turn   | Place    | Note
-------+----------+-------------------------------------------
     0 | D:1      | harcile the Hill Orc Fighter began the quest for the Orb.
     0 | D:1      | Reached XP level 1. HP: 19/19 MP: 1/1
   154 | D:1      | Reached XP level 2. HP: 18/27 MP: 2/2
   308 | D:1      | Reached XP level 3. HP: 28/33 MP: 3/3
  1002 | D:2      | Noticed Jessica
  1011 | D:2      | Killed Jessica
  1011 | D:2      | Reached XP level 4. HP: 40/40 MP: 4/4
  1692 | D:3      | Reached XP level 5. HP: 35/46 MP: 5/5
  1795 | D:3      | HP: 1/46 [killer bee (5)]
  1796 | D:3      | Succumbed to a killer bee's poison

Skill      XL: |  1  2  3  4  5 |
---------------+----------------+-----
Fighting       | 4 |  4.2
Armour         | 4 |  4.2
Long Blades    | 3 4 |  4.1
Shields        | 4 |  4.3
Axes           | |  0.1
Dodging        | |  0.7

Action                   |  1- 3 |  4- 6 || total
-------------------------+-------+-------++-------
Melee: Long sword        |   104 |   100 ||   204
       War axe           |       |    13 ||    13
  Use: Potion            |       |     2 ||     2
  Eat: Chunk             |     1 |     2 ||     3
Armor: Scale mail        |    51 |    42 ||    93
Dodge: Dodged            |    33 |    26 ||    59
Block: Shield            |    55 |    61 ||   116
       Rpst.: Long sword |    12 |     4 ||    16
